 Dungeon Crawl Stone Soup version 0.30-a0-329-g85436e0a43 (webtiles) character file.

Game seed: 2421442876253530943

3313 Lanoc the Cleaver (level 9, 0/89 HPs)
             Began as a Troll Gladiator on Oct 28, 2022.
             Was a Believer of Makhleb.
             Slain by a killer bee (8 damage)
             ... on level 8 of the Dungeon.
             The game lasted 00:09:19 (6273 turns).

Lanoc the Cleaver (Troll Gladiator)                 Turns: 6273, Time: 00:09:19

Health: 0/89       AC:  7    Str: 24    XL:     9   Next: 70%
Magic:  17/17      EV: 12    Int:  4    God:    Makhleb [**....]
Gold:   261        SH:  0    Dex: 15    Spells: 8/8 levels left

rFire   . . .      SeeInvis .    a - +0 war axe
rCold   + . .      Faith    .    (no shield)
rNeg    . . .      Spirit   .    A - +2 robe "Pumneafe" {rC+}
rPois   .          Reflect  .    c - +0 hat
rElec   .          Harm     .    v - +0 cloak
rCorr   .          Rampage  .    (gloves unavailable)
Will    .....                    (boots unavailable)
Stlth   +.........               (no amulet)
HPRegen 1.14/turn                k - ring of magical power
MPRegen 0.15/turn                (no ring)

@: lethally poisoned (0 -> -1), slowed, very slow
A: large, unfitting armour, claws 3, regeneration 1, shaggy fur 1, tough skin 1
a: Renounce Religion, Minor Destruction


You were on level 8 of the Dungeon.
You worshipped Makhleb.
Makhleb was pleased with you.
You visited 2 branches of the dungeon, and saw 10 of its levels.

You collected 331 gold pieces.
You spent 70 gold pieces at shops.

Inventory:

Hand Weapons
 a - a +0 war axe (weapon)
Missiles
 d - 3 throwing nets (quivered)
 e - 6 large rocks
 H - 4 datura-tipped darts
Armour
 c - a +0 hat (worn)
 v - a +0 cloak (worn)
 A - the +2 robe "Pumneafe" (worn) {rC+}
   (You found it on level 4 of the Dungeon)

   rC:        It protects you from cold.
Jewellery
 k - a ring of magical power (left claw)
Wands
 y - a wand of mindburst (8)
Scrolls
 f - 2 scrolls of fear {unknown}
 h - a scroll of enchant weapon {unknown}
 i - 6 scrolls of identify {unknown}
 l - a scroll of enchant armour {unknown}
 n - 2 scrolls of noise {unknown}
 p - 7 scrolls of teleportation {unknown}
 s - a scroll of acquirement {unknown}
 t - a scroll of vulnerability {unknown}
 w - 3 scrolls of silence {unknown}
 x - a scroll of poison {unknown}
 z - 2 scrolls of brand weapon {unknown}
 B - 2 scrolls of immolation {unknown}
 C - 2 scrolls of fog {unknown}
 I - a scroll of blinking {unknown}
Potions
 b - 2 potions of haste {unknown}
 g - a potion of attraction {unknown}
 j - 2 potions of mutation {unknown}
 m - 8 potions of curing {unknown}
 o - a potion of degeneration {unknown}
 q - a potion of flight {unknown}
 r - a potion of might {unknown}
 u - 2 potions of cancellation {unknown}
 D - 3 potions of lignification {unknown}
 E - a potion of invisibility {unknown}
 F - 2 potions of resistance {unknown}
 G - a potion of brilliance {unknown}


   Skills:
 + Level 5.9 Fighting
 * Level 8.6 Axes
 - Level 1.7 Throwing
 + Level 6.2 Dodging


You had 8 spell levels left.
You didn't know any spells.
Your spell library contained the following spells:

 Spells                   Type           Power      Damage    Failure   Level
 Sandblast                Erth           0%         2d4       50%         1
 Shock                    Conj/Air       0%         1d3       50%         1
 Sting                    Tmut/Pois      0%         1d3       50%         1
 Passwall                 Tmut/Erth      0%         N/A       65%         2
 Poisonous Vapours        Pois/Air       0%         N/A       65%         2
 Ozocubu's Armour         Ice            0%         N/A       86%         3
 Stone Arrow              Conj/Erth      0%         3d7       86%         3
 Swiftness                Air            0%         N/A       86%         3
 Airstrike                Air            0%         2d(0-16)  99%         4
 Olgreb's Toxic Radiance  Pois           0%         N/A       99%         4
 Metabolic Englaciation   Hex/Ice        0%         N/A       100%        5
 Simulacrum               Ice/Necr       0%         N/A       100%        6
 Ozocubu's Refrigeration  Ice            0%         4d7       100%        7


Dungeon Overview and Level Annotations

Branches:
Dungeon (9/15)             Temple (1/1) D:5            Lair (0/5) D:8
    Orc: D:9-12

Altars:
Ashenzari
Makhleb
Okawaru
Qazlal
Ru
Trog
Vehumet
Zin
The Shining One

Shops:
D:2 !   D:8 *

Annotations:
D:3 2 transporters, abby22's ghost, weakling MiFi
D:5 3 runed translucent doors, Xtruder99's ghost, novice GnWn


Innate Abilities, Weirdness & Mutations

You are too large for most types of armour.
You have claws for hands.
Your natural rate of healing is unusually fast.
You are covered in fur. (AC +1)
You have tough skin. (AC +1)


Message History

The killer bee misses you. The wraith hits you but does no damage.
You are too injured to fight recklessly!
You are too injured to fight recklessly!
You are too injured to fight recklessly!
You slash the wraith!
The wraith is almost destroyed.
You miss the killer bee.
You feel very sick. The killer bee stings you.
The killer bee stings you but does no damage.
The wraith misses you.
The killer bee stings you but does no damage.
The wraith hits you.
* * * LOW HITPOINT WARNING * * *
The wraith drains your vigour!
You feel as though you will be slow longer.
The killer bee stings you.
* * * LOW HITPOINT WARNING * * *
You closely miss the wraith.
The wraith is almost destroyed.
You hit the killer bee.
You feel sick.
The killer bee stings you but does no damage.
The killer bee stings you.
* * * LOW HITPOINT WARNING * * *
The wraith barely misses you. The killer bee stings you.
* * * LOW HITPOINT WARNING * * *
You are more poisoned.
The killer bee poisons you!
You hit the wraith but do no damage.
The wraith is almost destroyed.
You completely miss the killer bee.
You feel very sick. The killer bee stings you.
* * * LOW HITPOINT WARNING * * *
The killer bee closely misses you. The wraith hits you!
* * * LOW HITPOINT WARNING * * *
The wraith drains your vigour!
You feel as though you will be slow longer.
The killer bee stings you!
You die...

#.....................####.'...
#..........##.........##...'...
#######....##.........##.###...
#....##.#..####.##.# ##..
#....##.#.## #.##.# ##..
#....##...#####.##.# ##.
##############..........##.# ##
.....#.......#...######..#.# #
.....#.......#.y@# ##'#^#
.....#.......#.#W# #∩#.######
.....#.......#.#.#######'#.......
.....#.......#.#<)...............
.....#.......#.#[######..........
.....#....>..#.#.# #..........
.............#.#.# #..........
.............#.#.# #..........
......#####.##.#.# ###########


You could see a wraith and a killer bee.

Vanquished Creatures
  A wyvern (D:7)
  4 yaks (D:7)
  Eustachio (D:6)
  A steam dragon (D:6)
  A water moccasin (D:7)
  2 sky beasts
  An ogre (D:6)
  5 ice beasts
  2 centaurs (D:7)
  A phantom (D:6)
  A kobold brigand (D:7)
  A bullfrog (D:7)
  Blork the orc (D:6)
  4 scorpions
  2 necrophages
  5 hounds
  A jelly (D:8)
  4 orc priests
  4 iguanas
  2 orc wizards
  9 gnolls
  6 adders
  2 white imps (D:8)
  An ufetubus (D:7)
  2 worms (D:2)
  A dart slug (D:2)
  24 orcs
  4 endoplasms
  A giant cockroach (D:4)
  8 goblins
  6 hobgoblins
  3 quokkas
  6 ball pythons
  5 bats
  3 frilled lizards (D:2)
  10 kobolds
  A rat (D:1)
136 creatures vanquished.

Vanquished Creatures (others)
  A wizard (D:4)
  2 fungi (D:5)
  2 plants (D:5)
5 creatures vanquished.

Grand Total: 141 creatures vanquished

Notes
Turn   | Place    | Note
-------+----------+-------------------------------------------
     0 | D:1      | Lanoc the Troll Gladiator began the quest for the Orb.
     0 | D:1      | Reached XP level 1. HP: 19/19 MP: 0/0
  1094 | D:2      | Found a glowing golden altar of the Shining One.
  1111 | D:2      | Reached XP level 2. HP: 24/28 MP: 1/1
  1257 | D:2      | Reached skill level 3 in Axes
  1261 | D:2      | You fall into a shaft and drop 1 floor!
  1276 | D:3      | Reached XP level 3. HP: 35/35 MP: 2/2
  1414 | D:3      | Found a transporter.
  1449 | D:2      | Found Necol's Distillery.
  1478 | D:2      | Bought a potion of berserk rage for 70 gold pieces
  1852 | D:2      | Reached XP level 4. HP: 38/42 MP: 3/3
  2098 | D:3      | Noticed abby22's ghost (weakling MiFi)
  2105 | D:3      | Found a transporter.
  2138 | D:3      | Found a faded altar of an unknown god.
  2335 | D:4      | Reached XP level 5. HP: 6/50 MP: 4/4
  2479 | D:3      | Reached skill level 4 in Axes
  2534 | D:4      | Found a bloodstained altar of Trog.
  2535 | D:4      | Noticed a wizard
  2541 | D:4      | Killed a wizard
  2575 | D:4      | Found a burning altar of Makhleb.
  2576 | D:4      | Found a stormy altar of Qazlal.
  2579 | D:4      | Became a worshipper of Makhleb the Destroyer
  2692 | D:4      | Reached XP level 6. HP: 59/59 MP: 5/5
  2864 | D:4      | HP: 2/61 [orc priest/+0 club (4)]
  3023 | D:4      | Identified the +2 robe "Pumneafe" {rC+}
  3119 | D:5      | Entered Level 5 of the Dungeon
  3143 | D:5      | Found a staircase to the Ecumenical Temple.
  3152 | Temple   | Entered the Ecumenical Temple
  3182 | D:5      | Found a runed translucent gate.
  3182 | D:5      | Found a runed translucent gate.
  3182 | D:5      | Found a runed translucent gate.
  3182 | D:5      | Noticed an ice beast
  3202 | D:5      | Killed an ice beast
  3203 | D:5      | Reached skill level 5 in Axes
  3203 | D:5      | Reached XP level 7. HP: 66/67 MP: 6/6
  3457 | D:5      | Reached * piety under Makhleb
  3548 | D:5      | Reached skill level 6 in Axes
  3583 | D:5      | Reached XP level 8. HP: 75/78 MP: 7/7
  3708 | D:5      | Noticed Xtruder99's ghost (novice GnWn)
  4047 | D:6      | Noticed Eustachio
  4102 | D:6      | Killed Eustachio
  4103 | D:6      | Reached skill level 5 in Dodging
  4249 | D:6      | Reached skill level 7 in Axes
  4819 | D:6      | Identified the +1 leather armour of Ajigawel {Int+7}
  4850 | D:6      | Noticed Blork the orc
  4861 | D:6      | Killed Blork the orc
  4862 | D:6      | Reached skill level 5 in Fighting
  5210 | D:7      | Reached XP level 9. HP: 87/88 MP: 8/8
  5342 | D:7      | Reached skill level 8 in Axes
  5540 | D:8      | Reached ** piety under Makhleb
  5756 | D:8      | Found Idulolei's General Store.
  6151 | D:8      | Found a staircase to the Lair.
  6273 | D:8      | Slain by a killer bee

Illustrated notes

Levels and vault maps discovered:
D:1:      matt_arrival_spirals, layout_basic
D:2:      layout_basic, basic_altar, serial_shops,
          nicolae_shop_advertising_works [nicolae_subvault_shop_adworks]
D:3:      layout_rooms, shapermc_ecumenical_altar_totnotflames,
          gammafunk_ghost_stat_death
D:4:      layout_gridville, mainiacjoe_overflow_divided_tiny, trog_wizard
D:5:      layout_gridville, minmay_temple_entry_offerings,
          gammafunk_ghost_nasty_kobolds
D:6:      layout_basic, uniq_eustachio, uniq_blork_the_orc
D:7:      layout_rooms
D:8:      layout_basic, lair_entry_dummy, serial_shops, kennysheep_mini,
          kennysheep_donut
D:9:      layout_long_grid, orc_0_dummy
Temple:   compressed_dpeg_triangle_lava_temple

Skill      XL: |  1  2  3  4  5  6  7  8  9 |
---------------+----------------------------+-----
Fighting       | 2 3 4 5 |  5.9
Axes           | 3 4 5 6 7 8 |  8.6
Dodging        | 3 4 5 6 |  6.2
Throwing       | |  1.7

Action                   |  1- 3 |  4- 6 |  7- 9 || total
-------------------------+-------+-------+-------++-------
Melee: War axe           |   121 |   134 |   290 ||   545
       Punch             |       |     4 |     2 ||     6
Throw: Throwing net      |       |     3 |       ||     3
  Use: Potion            |       |       |     2 ||     2
 Stab: Sleeping          |       |     1 |     2 ||     3
Armor: Robe              |    42 |    48 |   109 ||   199
Dodge: Dodged            |    90 |    87 |   190 ||   367

Table legend: (Time is in decaauts)
 A = Elapsed time spent in this place.
 B = Non-inter-level travel time spent in this place.
 C = Inter-level travel time spent in this place.
 D = Time resting spent in this place.
 E = Time spent auto-exploring this place.
 F = Levels seen in this place.
 G = Mean time per level.
                   A        B        C        D        E       F      G
               +--------+--------+--------+--------+--------+-----+--------+
         Total |   6417 |   6161 |    256 |     33 |   4883 |  10 |  641.7 |
       Dungeon |   6415 |   6159 |    256 |     33 |   4883 |   9 |  712.8 |
        Temple |      1 |      1 |      0 |      0 |      0 |   1 |    1.0 |
               +--------+--------+--------+--------+--------+-----+--------+

Top non-repeatable levels by time:
     D:6: 1191 daAuts
     D:1: 1095 daAuts
     D:4: 830 daAuts
     D:2: 772 daAuts
     D:8: 747 daAuts
     D:5: 726 daAuts
     D:7: 547 daAuts
     D:3: 499 daAuts
     D:9: 5 daAuts
  Temple: 1 daAuts
